 Dungeon Crawl Stone Soup version 0.31-a0-1-g4198be8af4 (webtiles) character file.

Game seed: 11366691214781962909

1899 jasper the Purveyor of Pain (level 8, -16/61 HPs)
             Began as a Demonspawn Necromancer on May 2, 2023.
             Was an Initiate of Kikubaaqudgha.
             Demolished by Joseph
             ... wielding a +0 quarterstaff
              (33 damage)
             ... on level 7 of the Dungeon.
             The game lasted 00:06:51 (5207 turns).

jasper the Purveyor of Pain (DsNe)                  Turns: 5207, Time: 00:06:52

Health: -16/61     AC:  4    Str:  4    XL:     8   Next: 93%
Magic:  0/15       EV:  2    Int: 18    God:    Kikubaaqudgha [......]
Gold:   254        SH:  0    Dex: 18    Spells: 8/16 levels left

rFire   + + .        r - +6 mace "Lack" {vamp, rElec rF++ Str-4 Dex+3}
rCold   . . .        (no shield)
rNeg    . . .        a - +0 robe
rPois   .            i - +1 hat
rElec   +            (no cloak)
rCorr   .            l - +0 pair of gloves
SInv    .            (no boots)
Will    .....        (no amulet)
Stlth   ++           (no ring)
HPRegen 1.30/turn    (no ring)
MPRegen 0.14/turn

%: no passive effects
@: mighty, sleeping
A: powered by death 2, powered by pain 1
a: Renounce Religion


You were on level 7 of the Dungeon.
You worshipped Kikubaaqudgha.
Kikubaaqudgha was noncommittal.
You visited 2 branches of the dungeon, and saw 7 of its levels.

You collected 254 gold pieces.

Inventory:

Hand Weapons
 c - a +0 dagger
 d - a +0 whip of flaming
 m - a +1 great sword
 r - the +6 mace "Lack" (weapon) {vamp, rElec rF++ Str-4 Dex+3}
   (You found it on level 3 of the Dungeon)

   Str:       It affects your strength (-4).
   Dex:       It affects your dexterity (+3).
   rF:        It greatly protects you from fire.
   rElec:     It insulates you from electricity.
Missiles
 f - 8 poisoned darts
 g - 5 javelins
 u - a throwing net
Armour
 a - a +0 robe (worn)
 i - a +1 hat (worn)
 l - a +0 pair of gloves (worn)
Wands
 q - a wand of iceblast (10)
 v - a wand of quicksilver (4)
Scrolls
 k - 2 scrolls of amnesia
 n - 5 scrolls of vulnerability
 o - a scroll of identify
 t - 2 scrolls of teleportation
 w - a scroll of enchant armour {unknown}
Potions
 b - a potion of magic
 e - 3 potions of heal wounds
 h - 2 potions of ambrosia
 j - 4 potions of curing
 p - a potion of might
 s - a potion of mutation {unknown}


   Skills:
 + Level 4.6 Fighting
 + Level 4.6 Dodging
 - Level 1.7 Stealth
 + Level 4.7 Spellcasting
 - Level 10.0 Necromancy


You had 8 spell levels left.
You knew the following spells:

 Your Spells              Type           Power      Damage    Failure   Level
a - Necrotise             Necr           100%       1d9       1%          1
b - Vampiric Draining     Necr           40%        2d8       1%          3
c - Animate Dead          Necr           40%        N/A       2%          4

Your spell library contained the following spells:

 Spells                   Type           Power      Damage    Failure   Level
 Agony                    Necr           40%        N/A       6%          5
 Portal Projectile        Hex/Tloc       8%         N/A       38%         3
 Tukima's Dance           Hex            4%         N/A       38%         3
 Blade Hands              Tmut           2%         N/A       98%         5


Dungeon Overview and Level Annotations

Branches:
Dungeon (7/15)             Temple (1/1) D:4

Altars:
Cheibriados
Dithmenos
Fedhas
Gozag
Kikubaaqudgha
Makhleb
Okawaru
Qazlal
Ru
Sif Muna
Trog
Vehumet
Wu Jian

Annotations:
D:7 Joseph


Innate Abilities, Weirdness & Mutations

You regenerate health from kills.
You sometimes gain a little power by taking damage.


Message History

You don't have enough magic to cast this spell.
Unknown command.
Unknown command.
Aiming: Quicksilver Bolt
Press: ? - help, Shift-Dir - straight line, f/p - Maggie
Aim: Maggie, wielding a +0 broad axe and wearing +0 steam dragon scales (almost dead, 71% to hit)
The bolt of dispelling energy hits Maggie!
You kill Maggie!
Kikubaaqudgha accepts your kill.
The bolt of dispelling energy hits Joseph!
Joseph is severely wounded.
Joseph shoots a sling bullet.
The sling bullet barely misses you.
You regained 3 hp, and now have 34/61 hp.
The sleepcap releases spores at you.
Joseph unwields a +0 sling.
Joseph wields a +0 quarterstaff.
Joseph hits you with a +0 quarterstaff.
Things that are here:
a +0 broad axe; +0 steam dragon scales; a yellow potion You take 8 damage, and have 26/61 hp.
Casting: Vampiric Draining (safe; 1% risk of failure)
Confirm with . or Enter, or press ? or * to list all spells.
Aiming: Vampiric Draining (safe; 1% risk of failure)
Press: ? - help, Shift-Dir - straight line, f - sleepcap
Aim: a sleepcap You draw life force from the sleepcap.
You feel life coursing into your body. The sleepcap completely misses you.
Joseph hits you with a +0 quarterstaff!
* * * LOW HITPOINT WARNING * * *
You focus on the pain.
You feel very mighty all of a sudden.
You take 8 damage, and have 18/61 hp.
You now have 0/15 mp.
You barely miss Joseph.
Joseph is heavily wounded.
The sleepcap closely misses you. Joseph barely misses you.
The sleepcap releases spores at you.
* * * LOW HITPOINT WARNING * * *
You are engulfed in a cloud of soporific spores!
You fall asleep.
Joseph hits you with a +0 quarterstaff!!
Ouch! That really hurt!
You die...
Kikubaaqudgha rasps: "You have failed me!
Welcome... death!"

..............# #.)......
......#.......# ........
..............# .......#
..............# .......#
#...........# .......#
#............ .......##
#..@......... ........#
#.#####f....... ........#
#.....@@.###... ...#'#..#
#######....# .. ...#.#.##
######....# .
...#.#.#####.........#
...#.#.......#####.......
..##.##.####.# ...#...
#.#...#.## #.# ...#...
#.#._.#..###.#####...# #+
..#...#..............#


You could see Joseph and a sleepcap.

Vanquished Creatures
  Pikel (D:7)
  Maggie (D:7)
  Menkaure (D:4)
  An ice beast (D:6)
  2 black bears (D:6)
  2 ogres (D:4)
  Blork the orc (D:6)
  A jelly (D:6)
  2 hounds
  An orc priest (D:7)
  2 gnoll boudas (D:6)
  Jessica (D:3)
  2 iguanas (D:6)
  A sleepcap (D:6)
  2 orc wizards
  8 gnolls
  9 adders
  A white imp (D:6)
  A worm (D:2)
  A dart slug (D:2)
  11 orcs
  5 bats
  5 endoplasms
  5 giant cockroaches
  8 goblins
  2 hobgoblins
  3 jackals (D:3)
  7 kobolds
  3 quokkas
  5 ball pythons
  2 frilled lizards
  A rat (D:1)
98 creatures vanquished.

Vanquished Creatures (collateral kills)
  A rat (D:2)
1 creature vanquished.

Vanquished Creatures (others)
  4 plants (D:4)
4 creatures vanquished.

Grand Total: 103 creatures vanquished

Notes
Turn   | Place    | Note
-------+----------+-------------------------------------------
     0 | D:1      | jasper the Demonspawn Necromancer began the quest for the
                  | Orb.
     0 | D:1      | Reached XP level 1. HP: 13/13 MP: 3/3
   339 | D:1      | Gained mutation: You regenerate a little health from kills.
                  | [demonic ancestry]
   339 | D:1      | Reached XP level 2. HP: 19/19 MP: 1/5
   499 | D:1      | Reached skill level 5 in Necromancy
  1124 | D:2      | Gained mutation: You sometimes gain a little power by
                  | taking damage. [demonic ancestry]
  1124 | D:2      | Reached XP level 3. HP: 23/24 MP: 0/6
  1128 | D:2      | Learned a level 3 spell: Vampiric Draining
  1277 | D:2      | Reached skill level 6 in Necromancy
  1625 | D:2      | Reached XP level 4. HP: 30/30 MP: 4/7
  2257 | D:3      | Found an iron altar of Okawaru.
  2459 | D:3      | Identified the +6 mace "Lack" {vamp, rElec rF++ Str-4
                  | Dex+3}
  2510 | D:3      | Reached skill level 7 in Necromancy
  2546 | D:3      | Gained mutation: You regenerate health from kills. [demonic
                  | ancestry]
  2546 | D:3      | Reached XP level 5. HP: 35/35 MP: 8/8
  2879 | D:3      | Noticed Jessica
  2890 | D:3      | Killed Jessica
  3132 | D:4      | Noticed an ogre
  3139 | D:4      | Killed an ogre
  3140 | D:4      | Reached skill level 8 in Necromancy
  3140 | D:4      | Reached XP level 6. HP: 41/41 MP: 0/9
  3343 | D:4      | Found a staircase to the Ecumenical Temple.
  3359 | Temple   | Entered the Ecumenical Temple
  3507 | Temple   | Became a worshipper of Kikubaaqudgha
  3615 | D:4      | Noticed Menkaure
  3622 | D:4      | Killed Menkaure
  3623 | D:4      | Reached skill level 9 in Necromancy
  3623 | D:4      | Reached XP level 7. HP: 37/46 MP: 10/10
  3962 | D:4      | You fall into a shaft and drop 2 floors!
  4070 | D:6      | Reached skill level 10 in Necromancy
  4075 | D:6      | Learned a level 4 spell: Animate Dead
  4099 | D:6      | Found a shimmering blue altar of Sif Muna.
  4100 | D:6      | Noticed Blork the orc
  4110 | D:6      | Killed Blork the orc
  4111 | D:6      | Reached skill level 1 in Fighting
  4357 | D:6      | Found a radiant altar of Vehumet.
  4504 | D:6      | Reached XP level 8. HP: 56/56 MP: 12/12
  4516 | D:6      | Found a sacrificial altar of Ru.
  5049 | D:7      | Noticed Pikel
  5063 | D:7      | Killed Pikel
  5120 | D:7      | Found a burning altar of Makhleb.
  5184 | D:7      | Noticed Joseph
  5187 | D:7      | Noticed Maggie
  5203 | D:7      | Killed Maggie
  5207 | D:7      | Demolished by Joseph

Illustrated notes

Levels and vault maps discovered:
D:1:      eino_arrival_druids_welcome, layout_loops_ring, serial_park_tiny_2,
          minmay_misc_feat_ornament, chequers_serial_rivers_micro_a,
          minmay_tripent
D:2:      layout_loops_cross, nicolae_half_adder
D:3:      layout_basic, okawaru_gym_becter, general_overflow_altar, uniq_jessica
D:4:      layout_gridville, lemuel_doored_altar,
          minmay_temple_entry_gardened_gates, gup_sewer_entry_pipe,
          chequers_mini_garden, minivault_23, uniq_menkaure
D:6:      layout_loops_ring, marbit_many_paths, nicolae_ru_the_path_less_chosen,
          mainiacjoe_overflow_brackets, uniq_blork_the_orc
D:7:      layout_basic, nicolae_hepliaklqana_hippocampus,
          mainiacjoe_overflow_surrounded_room, nicolae_uskayaw_suspiria,
          grunt_ministairs_13, uniq_duvessa, uniq_joseph, uniq_maggie,
          uniq_pikel
Temple:   hellmonk_temple_forest_ring

Skill      XL: |  1  2  3  4  5  6  7  8 |
---------------+-------------------------+-----
Necromancy     | 5 6 7 8 9 10 | 10.0
Dodging        | 2 4 |  4.6
Fighting       | 2 4 |  4.6
Spellcasting   | 3 4 |  4.7
Stealth        | |  1.7

Action                     |  1- 3 |  4- 6 |  7- 9 || total
---------------------------+-------+-------+-------++-------
  Melee: Whip              |     7 |    13 |       ||    20
         Mace              |       |    26 |   111 ||   137
         Punch             |       |     2 |     3 ||     5
   Cast: Necrotise         |    47 |    58 |    25 ||   130
         Vampiric Draining |       |     4 |    15 ||    19
  Evoke: Wand              |       |       |     3 ||     3
    Use: Scroll            |     5 |     4 |     3 ||    12
   Stab: Sleeping          |       |       |     2 ||     2
 Armour: Robe              |     1 |     7 |    27 ||    35
  Dodge: Dodged            |    17 |    28 |   110 ||   155

Table legend: (Time is in decaauts)
 A = Elapsed time spent in this place.
 B = Non-inter-level travel time spent in this place.
 C = Inter-level travel time spent in this place.
 D = Time resting spent in this place.
 E = Time spent auto-exploring this place.
 F = Levels seen in this place.
 G = Mean time per level.
                   A        B        C        D        E       F      G
               +--------+--------+--------+--------+--------+-----+--------+
         Total |   5262 |   5135 |    127 |     57 |   4230 |   7 |  751.7 |
       Dungeon |   5105 |   4998 |    107 |     57 |   4104 |   6 |  850.8 |
        Temple |    156 |    136 |     20 |      0 |    126 |   1 |  156.0 |
               +--------+--------+--------+--------+--------+-----+--------+

Top non-repeatable levels by time:
     D:2: 1217 daAuts
     D:6: 1083 daAuts
     D:1: 968 daAuts
     D:3: 912 daAuts
     D:4: 719 daAuts
     D:7: 203 daAuts
  Temple: 156 daAuts
